 Dungeon Crawl Stone Soup version 0.21-a0-361-g4efd3f9 (webtiles) character file.

21709 zero the Cleaver (level 12, -11/80 HPs)
             Began as a Gargoyle Berserker on Oct 13, 2017.
             Was a High Priest of Trog.
             Killed from afar by a molten gargoyle (28 damage)
             ... with a bolt of magma
             ... on level 3 of the Lair of Beasts.
             The game lasted 00:14:30 (10104 turns).

zero the Cleaver (Gargoyle Berserker)              Turns: 10104, Time: 00:14:31

Health: -11/80     AC: 24    Str: 25    XL:     12   Next: 92%
Magic:  12/12      EV: 10    Int: 11    God:    Trog [*****.]
Gold:   894        SH:  4    Dex:  9    Spells: 11/11 levels left

rFire    x . .     SeeInvis .   E - +7 battleaxe (chop)
rCold    + + .     Gourm    .   (shield currently unavailable)
rNeg     + + .     Faith    .   s - +1 ice dragon scales
rPois    ∞         Spirit   .   r - +0 hat
rElec    +         Reflect  +   (no cloak)
rCorr    .         Harm     .   m - +0 pair of gloves
MR       ++...                  (no boots)
Stlth    ..........             L - +4 amulet of reflection
HPRegen  1.63/turn              K - +4 ring of intelligence
MPRegen  0.13/turn              Y - ring of positive energy

@: berserk cooldown, starving, regenerating, slowed, very slow
A: antennae 2, beak, dopey 1, negative energy resistance 1, regeneration 1,
electricity resistance, unbreathing, petrification resistance, rot immunity, AC
+8
a: Berserk, Trog's Hand, Brothers in Arms, Burn Spellbooks, Renounce Religion


You were on level 3 of the Lair of Beasts.
You worshipped Trog.
Trog was extremely pleased with you.
You were starving.

You visited 2 branches of the dungeon, and saw 13 of its levels.

You collected 894 gold pieces.

Inventory:

Hand Weapons
 E - a +7 battleaxe of chopping (weapon)
Missiles
 v - 8 javelins (quivered)
 S - a throwing net
Armour
 a - a +0 large shield
 m - a +0 pair of gloves (worn)
 r - a +0 hat (worn)
 s - +1 ice dragon scales (worn)
Jewellery
 k - an uncursed amulet of the gourmand
 B - an uncursed ring of stealth
 K - a +4 ring of intelligence (left hand)
 L - a +4 amulet of reflection (around neck)
 Y - a ring of positive energy (right hand)
Wands
 b - a wand of iceblast (6/15)
 y - a wand of flame (32/48)
 z - a wand of paralysis (9/24)
 F - a wand of scattershot (6/9)
 M - a wand of flame (27/48)
 N - a wand of disintegration (19/24)
 Q - a wand of lightning (11/15)
 R - a wand of iceblast (9/15)
 T - a wand of iceblast (13/15)
 U - a wand of polymorph (16/24)
 V - a wand of confusion (17/48)
Scrolls
 f - 3 scrolls of teleportation
 g - 3 scrolls of enchant weapon
 h - 4 scrolls of magic mapping
 j - 13 scrolls of remove curse
 l - 2 scrolls of fog
 n - 2 scrolls of enchant armour
 u - 3 scrolls of recharging
 A - 3 scrolls of torment {unknown}
 H - 3 scrolls of fear
 P - 9 scrolls of identify
Potions
 d - 6 potions of curing
 e - a potion of cancellation
 o - 2 potions of ambrosia
 p - 6 potions of haste
 q - 4 potions of berserk rage
 w - 3 potions of magic
 x - 4 potions of lignification
 D - 3 potions of might
 G - a potion of resistance
 I - 2 potions of brilliance
 J - a potion of flight
 O - 3 potions of agility
 W - a potion of invisibility
Books
 Z - the Incunabulum of Helpful Clay
   (You found it on level 2 of the Lair of Beasts)

   Spells                             Type                      Level
   a - Sandblast                      Earth                        1
   b - Song of Slaying                Charms                       2
   c - Spectral Weapon                Hexes/Charms                 3
   d - Excruciating Wounds            Charms/Necromancy            5
   e - Ring of Flames                 Charms/Fire                  7
   Trog disapproves of the use of such an item.
Comestibles
 c - 11 bread rations
 i - 9 meat rations
 t - 10 royal jellies
 C - 12 fruits
 X - 6 chunks of flesh


   Skills:
 + Level 11.4 Fighting
 * Level 13.0 Axes
 + Level 11.2 Armour
 - Level 1.5 Dodging
 + Level 7.3 Shields


You had 11 spell levels left.
You didn't know any spells.

Dungeon Overview and Level Annotations

Branches:
Dungeon (10/15)            Temple (0/1) D:6            Lair (3/6) D:10
  Swamp (0/4) Lair:2
  Snake: Lair:2-4    Spider: Lair:2-4       Orc: D:9-12

Altars:
Ashenzari
Cheibriados
Kikubaaqudgha
Okawaru
Qazlal
Uskayaw
Wu Jian
Zin

Annotations:
Lair:2 2 transporters


Innate Abilities, Weirdness & Mutations

You are resistant to torment.
Your stone body is resilient. (AC +8)
You are immune to poison.
You resist negative energy. (rN+)
You are resistant to electric shocks. (rElec)
You can survive without breathing.
You are immune to petrification.
You are immune to rotting.
You have a pair of antennae on your head.
You have a beak for a mouth.
You are dopey. (Int -2)
Your natural rate of healing is unusually fast.


Message History

The molten gargoyle hits you but does no damage.
The blink frog misses you.
The molten gargoyle blasts magma at you!
The bolt of magma hits you! The lava burns you terribly!
Your skin crawls.
You feel resistant to hostile enchantments.
You are near starving!
The blink frog hits you but does no damage.
The molten gargoyle hits you with a morningstar!
You are engulfed in flames!
The fire burns you terribly!
* * * LOW HITPOINT WARNING * * *
The blink frog barely misses you.
Your ogre goes berserk!
You are starving!
The blink frog hits you.
* * * LOW HITPOINT WARNING * * *
The blink frog blinks!
The molten gargoyle blasts magma at you!
The bolt of magma hits you! The lava burns you terribly!
You die...

...... .#...# ....#
....# #...###...
##...P.#...#
#†%.OP.....#.#
#.%..#.........
##.@9#.........
.P.####§............
....................
......#.............
..#####.............
#..............
##...#.F........
#...#..........
##...#..........


You could see a blink frog, a molten gargoyle and a friendly ogre (berserk).

Vanquished Creatures
  2 hydras
  4 two-headed ogres
  4 death yaks (Lair:3)
  Nergalle (Lair:2)
  A gargoyle (D:10)
  6 spiny frogs
  2 komodo dragons (Lair:2)
  Grinder (D:6)
  A polar bear (Lair:2)
  2 dream sheep (D:9)
  3 blink frogs (Lair:3)
  4 hippogriffs
  2 wyverns
  Eustachio (D:6)
  Sigmund (D:3)
  22 yaks
  A wraith (D:10)
  A basilisk (Lair:2)
  A swamp worm (Lair:2)
  Menkaure (D:6)
  Duvessa (D:7)
  5 water moccasins
  5 porcupines
  A sky beast (D:8)
  4 ice beasts
  A black bear (D:8)
  A phantom (D:7)
  3 ogres
  2 centaurs
  7 crocodiles
  4 big kobolds
  9 bullfrogs
  A wyvern zombie (D:7)
  Dowan (D:7)
  3 scorpions
  3 wights (D:8)
  An electric eel (D:10)
  2 bullfrog zombies
  2 crimson imps (D:10)
  2 quasits
  A hound (D:7)
  A gnoll shaman (D:9)
  5 orc priests (D:7)
  7 orc wizards
  A centaur skeleton (D:5)
  3 iguanas
  9 worker ants
  3 hound skeletons
  A hound zombie (D:5)
  A worker ant zombie (D:7)
  5 gnolls (D:9)
  9 adders
  3 shadow imps
  An adder zombie (D:8)
  3 worms
  3 dart slugs
  2 leopard geckos
  19 orcs
  4 ball pythons
  5 giant cockroaches
  15 goblins
  4 hobgoblins
  5 jackals
  3 quokkas
  8 bats
  5 frilled lizards
  18 kobolds
  4 rats
  A fungus (Lair:2)
268 creatures vanquished.

Vanquished Creatures (collateral kills)
  2 oklob plants (Lair:1)
  Psyche (D:10)
  An ogre (D:10)
  A crocodile (Lair:1)
  A jelly (D:10)
  An adder (D:10)
  2 plants (Lair:1)
9 creatures vanquished.

Vanquished Creatures (others)
  5 plants (D:10)
5 creatures vanquished.

Grand Total: 282 creatures vanquished

Notes
Turn   | Place    | Note
-------+----------+-------------------------------------------
     0 | D:1      | zero the Gargoyle Berserker began the quest for the Orb.
     0 | D:1      | Reached XP level 1. HP: 14/14 MP: 1/1
   285 | D:1      | Reached XP level 2. HP: 18/19 MP: 2/2
   291 | D:1      | Reached skill level 3 in Axes
   469 | D:1      | Reached XP level 3. HP: 19/23 MP: 3/3
   685 | D:1      | Reached ** piety under Trog
   904 | D:2      | Found a faded altar of an unknown god.
  1036 | D:2      | Reached XP level 4. HP: 29/29 MP: 4/4
  1797 | D:3      | Noticed Sigmund
  1808 | D:3      | Killed Sigmund
  1808 | D:3      | Reached skill level 4 in Axes
  1808 | D:3      | Reached XP level 5. HP: 34/34 MP: 5/5
  1841 | D:3      | Reached XP level 6. HP: 37/39 MP: 6/6
  2151 | D:4      | Reached *** piety under Trog
  2162 | D:4      | Reached skill level 5 in Axes
  2344 | D:4      | Found a shattered altar of Ashenzari.
  2411 | D:4      | Found an ancient bone altar of Kikubaaqudgha.
  2412 | D:4      | Found an iron altar of Okawaru.
  2501 | D:5      | Entered Level 5 of the Dungeon
  2533 | D:5      | Noticed an ice beast
  2533 | D:5      | Found a stormy altar of Qazlal.
  2554 | D:5      | Killed an ice beast
  2554 | D:5      | Reached skill level 5 in Fighting
  2554 | D:5      | Reached XP level 7. HP: 44/44 MP: 7/7
  2629 | D:5      | Noticed a water elemental
  2720 | D:5      | Noticed a wyvern
  2730 | D:5      | Killed a wyvern
  2824 | D:5      | Reached skill level 6 in Axes
  2930 | D:5      | Reached skill level 5 in Armour
  3165 | D:5      | Found a glowing silver altar of Zin.
  3326 | D:5      | Found an ornate altar of the Wu Jian Council.
  3380 | D:5      | Noticed an air elemental
  3448 | D:5      | Noticed a fire elemental
  3610 | D:5      | Reached XP level 8. HP: 51/51 MP: 8/8
  4001 | D:6      | Found a hide-covered altar of Uskayaw.
  4094 | D:6      | Noticed Grinder
  4095 | D:6      | Paralysed by Grinder for 7 turns
  4113 | D:6      | Killed Grinder
  4113 | D:6      | Reached skill level 7 in Axes
  4140 | D:6      | Reached **** piety under Trog
  4279 | D:6      | Found a staircase to the Ecumenical Temple.
  4371 | D:6      | Noticed Eustachio
  4389 | D:6      | Killed Eustachio
  4510 | D:6      | Noticed Menkaure
  4516 | D:6      | Killed Menkaure
  4569 | D:6      | Reached XP level 9. HP: 46/56 MP: 9/9
  4617 | D:6      | Found a snail-covered altar of Cheibriados.
  4767 | D:7      | Noticed Duvessa
  4767 | D:7      | Noticed Dowan
  4781 | D:7      | Killed Dowan
  4786 | D:7      | Killed Duvessa
  4786 | D:7      | Reached skill level 8 in Axes
  5446 | D:7      | Gained mutation: You have a beak for a mouth. [potion of mutation]
  5446 | D:7      | Gained mutation: You are agile. (Dex +2) [potion of mutation]
  5446 | D:7      | Gained mutation: Your mind is acute. (Int +2) [potion of mutation]
  5447 | D:7      | Lost mutation: You are agile. (Dex +2) [potion of mutation]
  5447 | D:7      | Lost mutation: Your mind is acute. (Int +2) [potion of mutation]
  5447 | D:7      | Gained mutation: Your body sometimes deteriorates upon taking damage. [potion of mutation]
  5447 | D:7      | Gained mutation: Your flesh is cold resistant. (rC+) [potion of mutation]
  5447 | D:7      | Gained mutation: You are dopey. (Int -2) [potion of mutation]
  5447 | D:7      | Gained mutation: You have a pair of small horns on your head. [potion of mutation]
  5448 | D:7      | Lost mutation: Your body sometimes deteriorates upon taking damage. [potion of mutation]
  5448 | D:7      | Lost mutation: You have a pair of small horns on your head. [potion of mutation]
  5448 | D:7      | Lost mutation: Your flesh is cold resistant. (rC+) [potion of mutation]
  5448 | D:7      | Gained mutation: You have a pair of small antennae on your head. [potion of mutation]
  5448 | D:7      | Gained mutation: You have a pair of antennae on your head. [potion of mutation]
  5448 | D:7      | Gained mutation: Your natural rate of healing is unusually fast. [potion of mutation]
  5641 | D:8      | Reached skill level 9 in Axes
  5698 | D:8      | Noticed a two-headed ogre
  5708 | D:8      | Killed a two-headed ogre
  5708 | D:8      | Reached XP level 10. HP: 35/65 MP: 10/10
  6356 | D:8      | Reached skill level 10 in Axes
  6437 | D:8      | Reached ***** piety under Trog
  7074 | D:9      | Noticed a two-headed ogre
  7081 | D:9      | Killed a two-headed ogre
  7081 | D:9      | Reached skill level 1 in Shields
  7171 | D:9      | Received a gift from Trog
  7205 | D:9      | Noticed a two-headed hydra
  7222 | D:9      | Killed a 12-headed hydra
  7222 | D:9      | Reached XP level 11. HP: 36/71 MP: 11/11
  7356 | D:9      | Noticed a two-headed ogre
  7363 | D:9      | Killed a two-headed ogre
  7363 | D:9      | Reached skill level 11 in Axes
  7614 | D:10     | Entered Level 10 of the Dungeon
  7753 | D:10     | Found a staircase to the Lair.
  8035 | D:10     | Noticed Psyche
  8039 | D:10     | Killed Psyche
  8039 | D:10     | Reached skill level 10 in Fighting
  8102 | D:10     | Noticed a two-headed ogre
  8116 | D:10     | Killed a two-headed ogre
  8592 | Lair:1   | Entered Level 1 of the Lair of Beasts
  8711 | Lair:1   | Reached skill level 10 in Armour
  8738 | Lair:1   | Reached skill level 5 in Shields
  8910 | Lair:1   | Noticed an oklob plant
  8911 | Lair:1   | Noticed an oklob plant
  8922 | Lair:1   | Killed an oklob plant
  8924 | Lair:1   | Killed an oklob plant
  9075 | Lair:1   | Noticed a four-headed hydra
  9085 | Lair:1   | Killed a nine-headed hydra
  9085 | Lair:1   | Reached skill level 12 in Axes
  9085 | Lair:1   | Reached XP level 12. HP: 61/78 MP: 12/12
  9555 | Lair:2   | Found a staircase to the Swamp.
  9578 | Lair:2   | Identified the Incunabulum of Helpful Clay
  9587 | Lair:2   | Found a transporter.
  9634 | Lair:2   | Noticed Nergalle
  9642 | Lair:2   | Killed Nergalle
  9644 | Lair:2   | Found a transporter.
 10063 | Lair:3   | Noticed a death yak
 10063 | Lair:3   | Noticed a death yak
 10068 | Lair:3   | Noticed a death yak
 10070 | Lair:3   | Noticed a death yak
 10073 | Lair:3   | Killed a death yak
 10074 | Lair:3   | Killed a death yak
 10081 | Lair:3   | Killed a death yak
 10082 | Lair:3   | Reached skill level 13 in Axes
 10086 | Lair:3   | Killed a death yak
 10104 | Lair:3   | Killed from afar by a molten gargoyle

Vault maps used:
D:1:      lightli_arrival_flooded_house
D:2:      chequers_ecumenical_altar_simple_redux
D:3:      uniq_sigmund
D:4:      kennysheep_little_box, minitemple, first_bread
D:5:      cheibrodos_thug_alley, lemuel_doored_altar,
          nicolae_qazlal_style_of_elements, marbit_many_paths,
          minmay_ogre_servants
D:6:      cheibriados_altar_1, old_standard_altar, temple_hall,
          grunt_decor_clamped, uniq_grinder, uniq_menkaure, uniq_eustachio
D:7:      uniq_duvessa
D:9:      hangedman_ranch
D:10:     minmay_lair_entry_grove, uniq_psyche
Lair:1:   st_stairs_4, minmay_lair_oklob_chamber
Lair:2:   gammafunk_cloud_chamber, minmay_swamp_entry_worms, uniq_nergalle
Lair:3:   dummy_spider_entry, portal_ice_cave_entry_pillars_2,
          minmay_another_anthill

Skill      XL: |  1  2  3  4  5  6  7  8  9 10 11 12 |
---------------+-------------------------------------+-----
Axes           | 3 4 5 6 7 9 10 12 13 | 13.0
Armour         | 3 4 5 6 8 9 10 11 | 11.2
Fighting       | 4 5 6 8 9 10 11 | 11.4
Shields        | 3 5 7 |  7.3
Dodging        | |  1.5

Action                   |  1- 3 |  4- 6 |  7- 9 | 10-12 || total
-------------------------+-------+-------+-------+-------++-------
Melee: Hand axe          |   106 |   113 |       |       ||   219
       War axe           |       |    48 |   271 |   283 ||   602
       Peck              |       |       |     9 |    83 ||    92
       Battleaxe         |       |       |       |   145 ||   145
Invok: Berserk           |       |     1 |     7 |     9 ||    17
       Burn Spellbooks   |       |       |     1 |     3 ||     4
       Trog's Hand       |       |       |     1 |     1 ||     2
       Brothers in Arms  |       |       |       |     3 ||     3
  Use: Scroll            |       |       |    25 |     7 ||    32
       Potion            |       |       |     3 |       ||     3
  Eat: Chunk             |       |     6 |    13 |    22 ||    41
       Fruit             |       |       |     4 |     2 ||     6
Armor: Animal skin       |    21 |       |       |       ||    21
       Ring mail         |    12 |    23 |       |       ||    35
       Ice dragon scales |       |    82 |   196 |   250 ||   528
Dodge: Dodged            |    62 |   124 |   152 |   160 ||   498
Block: Other             |       |       |     9 |    26 ||    35
       Large shield      |       |       |       |   181 ||   181
       Reflection        |       |       |       |     3 ||     3

Table legend:
 A = Spawn XP
 B = Non-spawn XP
 C = Spawn XP percentage of total XP
 D = Spawn monster count
 E = Non-spawn monster count
 F = Spawn count percentage of total count
 G = Total turns spent on level
                    A         B        C        D         E        F      G
               +---------+---------+-------+---------+---------+-------+---------
         Total |       0 |   31014 |   0.0 |       0 |     274 |   0.0 | 10104
               +---------+---------+-------+---------+---------+-------+---------
           D:1 |       0 |      47 |   0.0 |       0 |      25 |   0.0 |   784
           D:2 |       0 |      38 |   0.0 |       0 |      14 |   0.0 |   618
           D:3 |       0 |     271 |   0.0 |       0 |      22 |   0.0 |   700
           D:4 |       0 |     150 |   0.0 |       0 |      12 |   0.0 |   399
           D:5 |       0 |     925 |   0.0 |       0 |      31 |   0.0 |  1408
           D:6 |       0 |    1076 |   0.0 |       0 |      15 |   0.0 |   858
           D:7 |       0 |    1131 |   0.0 |       0 |      27 |   0.0 |   854
           D:8 |       0 |    2953 |   0.0 |       0 |      25 |   0.0 |   945
           D:9 |       0 |    4418 |   0.0 |       0 |      22 |   0.0 |  1048
          D:10 |       0 |    4091 |   0.0 |       0 |      29 |   0.0 |   978
        Lair:1 |       0 |    3912 |   0.0 |       0 |      13 |   0.0 |   635
        Lair:2 |       0 |    5656 |   0.0 |       0 |      22 |   0.0 |   747
        Lair:3 |       0 |    6346 |   0.0 |       0 |      17 |   0.0 |   130
               +---------+---------+-------+---------+---------+-------+---------
